 Dungeon Crawl Stone Soup version 0.23-a0-612-gcb482e9 (webtiles) character file.

1810 Borgoz the Skirmisher (level 9, -8/77 (78) HPs)
             Began as a Ghoul Abyssal Knight on Dec 21, 2018.
             Was an Elder of Lugonu.
             Mangled by an ogre
             ... wielding a +0 giant spiked club
              (20 damage)
             ... on level 7 of the Dungeon.
             The game lasted 00:12:53 (5515 turns).

Borgoz the Skirmisher (Ghoul Abyssal Knight)        Turns: 5515, Time: 00:12:54

HP:   -8/77 (78)    AC:  6    Str: 16    XL:     9   Next: 10%
MP:   8/12          EV: 12    Int:  7    God:    Lugonu [****..]
Gold: 254           SH:  0    Dex: 11    Spells: 8/8 levels left

rFire    + . .     SeeInvis .     - Unarmed
rCold    + . .     Gourm    .   (no shield)
rNeg     + + +     Faith    +   n - +0 ring mail
rPois    ∞         Spirit   .   (no helmet)
rElec    .         Reflect  .   (no cloak)
rCorr    +         Harm     .   (no gloves)
MR       .....                  (no boots)
Stlth    +.........             e - amulet of faith
HPRegen  0.00/turn              o - ring of resist corrosion
MPRegen  0.13/turn              s - ring of protection from fire

@: rotting
A: rotting body, claws 1, carnivore, cold resistance 1, negative energy
resistance 3, inhibited regeneration, torment resistance, unbreathing
a: Depart the Abyss, Bend Space, Banish, Corrupt, Renounce Religion


You were on level 7 of the Dungeon.
You worshipped Lugonu.
Lugonu was greatly pleased with you.
You were not hungry.

You visited 2 branches of the dungeon, and saw 8 of its levels.
You visited the Abyss 1 time.
You also visited: Sewer.

You collected 319 gold pieces.
You spent 65 gold pieces at shops.

Inventory:

Armour
 n - a +0 ring mail (worn)
 p - a +3 plate armour
 r - a +1 pair of gloves of dexterity
Jewellery
 e - an amulet of faith (around neck)
 o - a ring of resist corrosion (left claw)
 s - a ring of protection from fire (right claw)
 A - an uncursed ring of positive energy
Wands
 y - a wand of paralysis (10)
Scrolls
 g - 2 scrolls of remove curse
 i - 6 scrolls of teleportation
 j - 2 scrolls of amnesia
 k - 2 scrolls of enchant armour
 u - 5 scrolls of identify
Potions
 a - a potion of agility
 c - 3 potions of brilliance
 d - a potion of lignification {unknown}
 f - 3 potions of might
 h - 3 potions of flight
 l - a potion of ambrosia {unknown}
 m - a potion of resistance
 t - 2 potions of curing
 w - 2 potions of magic {unknown}
 x - a potion of haste {unknown}
Miscellaneous
 v - a sack of spiders
Comestibles
 b - 17 rations


   Skills:
 + Level 6.5 Fighting
 + Level 5.0 Armour
 + Level 4.7 Dodging
 + Level 5.9 Unarmed Combat
 + Level 5.8 Invocations


You had 8 spell levels left.
You didn't know any spells.
Your spell library was empty.

Dungeon Overview and Level Annotations

Branches:
Dungeon (7/15)             Temple (1/1) D:5

Altars:
Ashenzari
Cheibriados
Dithmenos
Elyvilon
Fedhas
Gozag
Hepliaklqana
Kikubaaqudgha
Nemelex Xobeh
Okawaru
Qazlal
Ru
Sif Muna
Trog
Uskayaw
Vehumet
Wu Jian
Yredelemnul
Zin

Shops:
D:4 !


Innate Abilities, Weirdness & Mutations

Your body is rotting away.
You thrive on raw meat.
You are immune to poison.
You have sharp fingernails.
You are carnivorous and can eat meat at any time.
Your flesh is cold resistant. (rC+)
You are immune to negative energy. (rN+++)
You do not regenerate when monsters are visible.
You are immune to unholy pain and torment.
You can survive without breathing.


Message History

There is a stone staircase leading up here.
An ogre comes into view. It is wielding a +0 giant spiked club.
The ogre shouts!
You claw the ogre!
The ogre is moderately wounded.
The ogre hits you with a +0 giant spiked club!
You barely miss the ogre.
The ogre is moderately wounded.
You scratch the ogre.
The ogre is heavily wounded.
The ogre hits you with a +0 giant spiked club!!
* * * LOW HITPOINT WARNING * * *
Press: ? - help, Shift-Dir - straight line, f - ogre
Aim: an ogre, wielding a +0 giant spiked club (heavily wounded, chance to You fail to use your ability.
The ogre misses you.
Press: ? - help, Shift-Dir - straight line, f/p - ogre
Aim: an ogre, wielding a +0 giant spiked club (heavily wounded, chance to The ogre barely resists.
You feel somewhat more hungry.
The ogre hits you with a +0 giant spiked club!!
You die...

... . ... .
.. .. .##
... .##..#
.... ###....
...$.##=...#
#.........#
#....O@.##
#...##.<.#
#. ###..#
#..# #..#
#... #...
... ..


You could see an ogre.

Vanquished Creatures
  An ice beast (D:5)
  A phantom (D:4)
  2 centaurs
  3 ogres
  2 big kobolds
  2 bullfrogs (D:6)
  2 vampire bats (D:2)
  A howler monkey (D:5)
  A crimson imp (D:5)
  An orc priest (D:5)
  2 hounds
  3 orc wizards
  2 bullfrog skeletons
  A centaur skeleton (D:4)
  Natasha (thrice) (D:4)
  7 worker ants
  A worker ant zombie (D:5)
  A howler monkey zombie (D:6)
  3 gnolls (D:2)
  A howler monkey skeleton (D:3)
  10 adders
  A river rat (Sewer)
  5 shadow imps
  4 worms
  3 leopard geckos
  11 orcs
  2 bats
  4 bat skeletons (D:2)
  A bat zombie (D:2)
  7 giant cockroaches
  8 goblins
  8 hobgoblins
  14 jackals
  8 kobolds
  A quokka (D:6)
  A ball python (D:4)
  7 frilled lizards
  A leopard gecko skeleton (D:5)
  11 rats
147 creatures vanquished.

Notes
Turn   | Place    | Note
-------+----------+-------------------------------------------
     0 | Abyss:1  | Borgoz the Ghoul Abyssal Knight began the quest for the
                  | Orb.
     0 | Abyss:1  | Reached XP level 1. HP: 19/19 MP: 1/1
     4 | Abyss:1  | Found a corrupted altar of Lugonu.
     7 | Abyss:1  | Found a corrupted altar of Lugonu.
    74 | Abyss:1  | Found a sacrificial altar of Ru.
    90 | Abyss:1  | Noticed a worldbinder
    91 | D:1      | Escaped the Abyss
   217 | D:1      | Reached skill level 1 in Dodging
   218 | D:1      | Reached * piety under Lugonu
   227 | D:1      | Reached XP level 2. HP: 12/26 MP: 2/2
   898 | D:2      | Found a hide-covered altar of Uskayaw.
   902 | D:2      | Reached XP level 3. HP: 27/30 MP: 3/3
  1008 | D:2      | Reached XP level 4. HP: 37/40 MP: 3/5
  1294 | D:2      | Reached ** piety under Lugonu
  1481 | D:2      | Found an ancient bone altar of Kikubaaqudgha.
  1491 | D:2      | Reached skill level 4 in Fighting
  1491 | D:2      | Reached XP level 5. HP: 39/46 MP: 6/6
  1969 | D:3      | Reached XP level 6. HP: 53/53 MP: 7/7
  2133 | D:3      | Found a glowing silver altar of Zin.
  2136 | D:3      | Found a blossoming altar of Fedhas.
  2296 | D:3      | Found a stormy altar of Qazlal.
  2378 | D:3      | Found an opulent altar of Gozag.
  2613 | D:4      | Reached *** piety under Lugonu
  2760 | D:4      | Found a shadowy altar of Dithmenos.
  2818 | D:4      | Found Mabityil's Distillery.
  2826 | D:4      | Bought a potion of heal wounds for 65 gold pieces
  2839 | D:4      | Noticed Natasha
  2847 | D:4      | Killed Natasha
  2887 | D:4      | Reached XP level 7. HP: 49/60 MP: 8/8
  2893 | D:4      | Noticed Natasha
  2904 | D:4      | Killed Natasha
  3017 | D:4      | Reached skill level 5 in Fighting
  3090 | D:4      | Found a glowing drain.
  3126 | Sewer    | Entered a sewer
  3296 | Sewer    | Found a glowing silver altar of Zin.
  3477 | D:4      | Noticed Natasha
  3482 | D:4      | Killed Natasha
  3582 | D:5      | Entered Level 5 of the Dungeon
  3663 | D:5      | Found a staircase to the Ecumenical Temple.
  3717 | Temple   | Entered the Ecumenical Temple
  3962 | D:5      | Reached XP level 8. HP: 45/68 MP: 10/10
  4096 | D:5      | Reached **** piety under Lugonu
  4227 | D:5      | Reached skill level 5 in Unarmed Combat
  4447 | D:5      | Reached skill level 5 in Invocations
  4703 | D:5      | Found a glowing silver altar of Zin.
  4917 | D:6      | Reached skill level 6 in Fighting
  4998 | D:6      | Found a shattered altar of Ashenzari.
  5176 | D:6      | Reached XP level 9. HP: 57/77 MP: 12/12
  5441 | D:6      | Reached skill level 5 in Armour
  5515 | D:7      | Mangled by an ogre

Vault maps used:
D:1:      eino_arrival_cavern_c, minmay_misc_feat_diagonals
D:2:      kennysheep_vampire_church, overflow_temple_1_default
D:3:      grunt_gozag_breadcrumbs, overflow_temple_1_default,
          chequers_temple_overflow_statue_of_worship
D:4:      minmay_skewed_foursquare, kennysheep_little_box, serial_shops, shop,
          portal_sewer_entry_b, uniq_natasha
D:5:      minmay_temple_entry_antechambers, basic_altar, first_ration,
          minmay_checkerbox
D:6:      nicolae_overflow_crystal_walls, nrook_uturn, st_stairs_8,
          minmay_microvault
D:7:      makhleb_altar_promises_db, enter_ossuary_4, serial_shops, shop
Temple:   minmay_temple_curvy_loop
Sewer:    sewer_kobolds

Skill      XL: |  1  2  3  4  5  6  7  8  9 |
---------------+----------------------------+-----
Dodging        | 1 2 3 4 |  4.7
Armour         | 2 3 4 5 |  5.0
Fighting       | 4 5 6 |  6.5
Unarmed Combat | 3 4 5 |  5.9
Invocations    | 3 4 5 |  5.8

Action                   |  1- 3 |  4- 6 |  7- 9 || total
-------------------------+-------+-------+-------++-------
Melee: Unarmed           |    77 |   270 |   407 ||   754
       Punch             |       |     4 |     7 ||    11
Invok: Depart the Abyss  |     1 |       |       ||     1
       Banish            |       |       |     1 ||     1
  Use: Scroll            |     3 |     4 |     1 ||     8
       Potion            |     4 |       |     9 ||    13
  Eat: Chunk             |     9 |    17 |    34 ||    60
Armor: Leather armour    |    29 |     3 |       ||    32
       Ring mail         |       |   113 |    98 ||   211
Dodge: Dodged            |    85 |   201 |   257 ||   543

Table legend:
 A = Non-vault XP
 B = Vault XP
 C = Vault XP percentage of total XP
 D = Non-vault monster count
 E = Vault monster count
 F = Vault count percentage of total count
                 A         B        C        D         E       F
            +---------+---------+-------+---------+---------+-------
      Total |    2037 |     549 |  21.2 |     117 |      30 |  20.4
            +---------+---------+-------+---------+---------+-------
        D:1 |      23 |       0 |   0.0 |      13 |       0 |   0.0
        D:2 |      79 |     124 |  61.1 |      19 |       7 |  26.9
        D:3 |     132 |       0 |   0.0 |      26 |       0 |   0.0
        D:4 |     392 |     119 |  23.3 |      12 |      10 |  45.5
        D:5 |     745 |     127 |  14.6 |      26 |       3 |  10.3
        D:6 |     666 |      65 |   8.9 |      21 |       2 |   8.7
      Sewer |       0 |     114 | 100.0 |       0 |       8 | 100.0
            +---------+---------+-------+---------+---------+-------
